 Dungeon Crawl Stone Soup version 0.21.0-3-g78d12a8 (webtiles) character file.

308 tidbits the Gusty (level 6, 12/42 (44) HPs)
             Began as a Gnoll Air Elementalist on Jan 11, 2018.
             Quit the game on level 6 of the Dungeon.
             The game lasted 00:09:12 (1011 turns).

tidbits the Gusty (Gnoll Air Elementalist)          Turns: 1011, Time: 00:09:13

HP:   12/42 (44)    AC:  2    Str: 10    XL:     6   Next: 40%
MP:   22/23         EV: 15    Int: 20    God:
Gold: 109           SH:  0    Dex: 15    Spells: 9/15 levels left

rFire    . . .     SeeInvis .   l - -1 dagger (curse)
rCold    . . .     Gourm    .   (no shield)
rNeg     . . .     Faith    .   a - +0 robe
rPois    .         Spirit   .   (no helmet)
rElec    .         Reflect  .   (no cloak)
rCorr    .         Harm     .   (no gloves)
MR       .....                  (no boots)
Stlth    +++.......             (no amulet)
HPRegen  0.00/turn              s - ring of magical power
MPRegen  0.18/turn              (no ring)

@: non-regenerating, diseased
A: distributed training, fangs 1, strong nose
a: no special abilities


You were on level 6 of the Dungeon.
You were not hungry.

You visited 1 branch of the dungeon, and saw 6 of its levels.

You collected 109 gold pieces.

Inventory:

Hand Weapons
 k - a +0 club
 l - a cursed -1 dagger (weapon)
 m - a +0 dagger
 n - a +0 short sword of flaming
   (You found it on level 5 of the Dungeon)
 o - a +0 flail
 q - a +0 rapier
Missiles
 e - 7 javelins (quivered)
 j - 29 arrows
Armour
 a - a +0 robe (worn)
 h - a +0 ring mail
Jewellery
 g - an uncursed ring of fire
   (You found it on level 1 of the Dungeon)
 s - a ring of magical power (left hand)
   (You found it on level 5 of the Dungeon)
 v - an uncursed ring of resist corrosion {unknown}
   (You found it on level 6 of the Dungeon)
Wands
 i - a wand of random effects (39)
Scrolls
 d - 2 scrolls of identify
 f - 2 scrolls of teleportation
 r - a scroll of magic mapping {unknown}
 t - a scroll of silence {unknown}
Potions
 p - a potion of might {unknown}
 u - a potion of invisibility {unknown}
Books
 b - a book of Air

   Spells                             Type                      Level
   a - Shock                          Conjuration/Air              1
   b - Swiftness                      Charms/Air                   2
   c - Static Discharge               Conjuration/Air              3
   d - Airstrike                      Air                          4
   e - Lightning Bolt                 Conjuration/Air              5
Comestibles
 c - 5 rations


   Skills:
 + Level 1.9 Fighting
 + Level 1.9 Short Blades
 + Level 1.9 Long Blades
 + Level 1.9 Axes
 + Level 1.9 Maces & Flails
 + Level 1.9 Polearms
 + Level 1.9 Staves
 + Level 1.9 Slings
 + Level 1.9 Bows
 + Level 1.9 Crossbows
 + Level 1.9 Throwing
 + Level 1.9 Armour
 + Level 5.0 Dodging
 + Level 4.6 Stealth
 + Level 1.9 Shields
 + Level 1.9 Unarmed Combat
 + Level 5.3 Spellcasting
 + Level 2.6 Conjurations
 + Level 1.5 Hexes
 + Level 1.5 Charms
 + Level 1.5 Summonings
 + Level 1.5 Necromancy
 + Level 1.5 Translocations
 + Level 1.5 Transmutations
 + Level 1.5 Fire Magic
 + Level 1.5 Ice Magic
 + Level 5.6 Air Magic
 + Level 1.5 Earth Magic
 + Level 1.5 Poison Magic
 + Level 2.1 Invocations
 + Level 1.9 Evocations


You had 9 spell levels left.
You knew the following spells:

 Your Spells              Type           Power        Failure   Level  Hunger
a - Shock                 Conj/Air       ###.         1%          1    None
d - Static Discharge      Conj/Air       ###.....     6%          3    ##.....
W - Swiftness             Chrm/Air       ###.....     3%          2    None


Dungeon Overview and Level Annotations

Branches:
Dungeon (6/15)
 Temple: D:4-7

Altars:
Makhleb
Okawaru
Trog

Annotations:
D:4 Grinder


Innate Abilities, Weirdness & Mutations

Your experience applies equally to all skills.
You have very sharp teeth.
Your uncanny sense of smell can sniff out nearby items.


Message History

Press: ? - help, Shift-Dir - straight line The zap hits the bullfrog.
The bullfrog is heavily wounded.
The zap hits the centaur.
You kill the centaur!
The zap hits the bullfrog.
The bullfrog is heavily wounded.
The bullfrog misses you.
A quasit comes into view.
Casting: Shock
Confirm with . or Enter, or press ? or * to list all spells.
Aiming: Shock
Press: ? - help, Shift-Dir - straight line The zap hits the bullfrog.
The bullfrog is severely wounded.
The zap hits the quasit.
The quasit is lightly wounded.
The zap hits the quasit.
The quasit is moderately wounded.
The bullfrog misses you.
The bullfrog hits you but does no damage.
Casting: Shock
Confirm with . or Enter, or press ? or * to list all spells.
Aiming: Shock
Press: ? - help, Shift-Dir - straight line The zap hits the bullfrog.
You kill the bullfrog!
Your Invocations skill increases to level 2!
You have reached level 6!
Your experience leads to an increase in your attributes!
Increase (S)trength, (I)ntelligence, or (D)exterity?
You feel clever.
The zap hits the quasit.
The quasit is heavily wounded.
The zap hits the quasit.
The quasit is severely wounded.
The quasit bites you but does no damage.
The quasit completely misses you. The quasit closely misses you.
Casting: Shock
Confirm with . or Enter, or press ? or * to list all spells.
Aiming: Shock
Press: ? - help, Shift-Dir - straight line The zap hits the quasit.
You kill the quasit!
Your Dodging skill increases to level 5!
You see here a bullfrog corpse.
j - 29 arrows (gained 9)
You see here a shortbow.
Found 12 gold pieces.
You now have 91 gold pieces (gained 12).
You open the door.
Found a bloodstained altar of Trog and a burning altar of Makhleb.
Found an iron altar of Okawaru.
There is an open door here.
There is an open door here.
Found 18 gold pieces.
You now have 109 gold pieces (gained 18).
A crimson imp comes into view.
Found a stone staircase leading up.
Found an amethyst potion.
The crimson imp shouts!
The crimson imp spits at you.
Found 33 sling bullets and a tubular onyx ring.
A crimson imp and a necrophage come into view.
The crimson imp shouts!
The crimson imp shouts, "Flounder, thou feeble flat-headed coxcomb!"
You see here an amethyst potion.
u - an amethyst potion The crimson imp blinks!
The teleport trap disappears.
The crimson imp disappears!
The crimson imp reappears nearby!
The necrophage hits you.
The crimson imp shouts, "Beg for mercy, thou defiled hell-hated hugger-mugger!"
The crimson imp misses you. The necrophage misses you.
The crimson imp hits you. The crimson imp hits you.
You see here a tubular onyx ring.
v - a tubular onyx ring The crimson imp blinks!
The necrophage misses you.
The crimson imp blinks!
The necrophage hits you!
* * * LOW HITPOINT WARNING * * *
You feel ill.
You feel your flesh rotting away!
The crimson imp blinks!
Casting: Shock
Confirm with . or Enter, or press ? or * to list all spells.
Aiming: Shock
Press: ? - help, Shift-Dir - straight line The zap hits the necrophage.
The necrophage is moderately damaged.
The zap hits the necrophage.
The necrophage is moderately damaged.
The crimson imp barely misses you. x2; The necrophage hits you.
* * * LOW HITPOINT WARNING * * *
You feel your flesh rotting away!
Casting: Shock
Confirm with . or Enter, or press ? or * to list all spells.
Okay, then.
Okay, then.
Unknown command.
Are you sure you want to abandon this character and quit the game? (Confirm with "yes".)

..############# ∆
..............# ..
........@n...# ....
#.......55...#.....
#............#.....
♣####...<...............
###...#...................
_..#♣##.#................###
..##....#................#
.#+..#...................#
##...##..................#


You could see a necrophage and 2 crimson imps.

Vanquished Creatures
  A centaur (D:6)
  A bullfrog (D:6)
  A quasit (D:6)
  An iguana (D:4)
  A worker ant (D:5)
  4 adders
  2 worms
  A dart slug (D:1)
  3 leopard geckos
  An orc (D:6)
  A ball python (D:3)
  2 giant cockroaches
  A goblin (D:2)
  4 hobgoblins
  4 kobolds
  A quokka (D:2)
  10 bats
  A frilled lizard (D:1)
  5 rats
45 creatures vanquished.

Notes
Turn   | Place    | Note
-------+----------+-------------------------------------------
     0 | D:1      | tidbits the Gnoll Air Elementalist began the quest for the Orb.
     0 | D:1      | Reached XP level 1. HP: 13/13 MP: 6/6
    54 | D:2      | Reached skill level 2 in Conjurations
    54 | D:2      | Reached XP level 2. HP: 13/19 MP: 1/7
    58 | D:2      | Learned a level 2 spell: Swiftness
   328 | D:2      | Reached XP level 3. HP: 25/25 MP: 6/9
   333 | D:2      | Learned a level 3 spell: Static Discharge
   346 | D:2      | Reached skill level 5 in Spellcasting
   403 | D:2      | Reached skill level 1 in Invocations
   450 | D:2      | Reached skill level 1 in Fighting
   450 | D:2      | Reached skill level 1 in Short Blades
   450 | D:2      | Reached skill level 1 in Long Blades
   450 | D:2      | Reached skill level 1 in Axes
   450 | D:2      | Reached skill level 1 in Maces & Flails
   450 | D:2      | Reached skill level 1 in Polearms
   450 | D:2      | Reached skill level 1 in Staves
   450 | D:2      | Reached skill level 1 in Slings
   450 | D:2      | Reached skill level 1 in Bows
   450 | D:2      | Reached skill level 1 in Crossbows
   450 | D:2      | Reached skill level 1 in Throwing
   450 | D:2      | Reached skill level 1 in Armour
   450 | D:2      | Reached skill level 1 in Shields
   450 | D:2      | Reached skill level 1 in Unarmed Combat
   450 | D:2      | Reached skill level 1 in Evocations
   464 | D:2      | Reached XP level 4. HP: 30/32 MP: 0/11
   669 | D:4      | Reached skill level 1 in Hexes
   669 | D:4      | Reached skill level 1 in Charms
   669 | D:4      | Reached skill level 1 in Summonings
   669 | D:4      | Reached skill level 1 in Necromancy
   669 | D:4      | Reached skill level 1 in Translocations
   669 | D:4      | Reached skill level 1 in Transmutations
   669 | D:4      | Reached skill level 1 in Fire Magic
   669 | D:4      | Reached skill level 1 in Ice Magic
   669 | D:4      | Reached skill level 1 in Earth Magic
   669 | D:4      | Reached skill level 1 in Poison Magic
   679 | D:5      | Entered Level 5 of the Dungeon
   726 | D:4      | Noticed Grinder
   764 | D:5      | Reached XP level 5. HP: 33/37 MP: 9/12
   915 | D:6      | Noticed an ice beast
   932 | D:6      | Noticed a centaur
   939 | D:6      | Killed a centaur
   941 | D:6      | Reached skill level 2 in Invocations
   941 | D:6      | Reached XP level 6. HP: 26/44 MP: 13/13
   942 | D:6      | Reached skill level 5 in Dodging
   968 | D:6      | Found a bloodstained altar of Trog.
   968 | D:6      | Found a burning altar of Makhleb.
   969 | D:6      | Found an iron altar of Okawaru.
   996 | D:6      | Noticed a necrophage
  1011 | D:6      | Quit the game

Skill      XL: |  1  2  3  4  5  6 |
---------------+-------------------+-----
Conjurations   | 2 |  2.6
Spellcasting   | 5 |  5.3
Invocations    | 1 2 |  2.1
Fighting       | 1 |  1.9
Short Blades   | 1 |  1.9
Long Blades    | 1 |  1.9
Axes           | 1 |  1.9
Maces & Flails | 1 |  1.9
Polearms       | 1 |  1.9
Staves         | 1 |  1.9
Slings         | 1 |  1.9
Bows           | 1 |  1.9
Crossbows      | 1 |  1.9
Throwing       | 1 |  1.9
Armour         | 1 |  1.9
Shields        | 1 |  1.9
Unarmed Combat | 1 |  1.9
Evocations     | 1 |  1.9
Hexes          | 1 |  1.5
Charms         | 1 |  1.5
Summonings     | 1 |  1.5
Necromancy     | 1 |  1.5
Translocations | 1 |  1.5
Transmutations | 1 |  1.5
Fire Magic     | 1 |  1.5
Ice Magic      | 1 |  1.5
Earth Magic    | 1 |  1.5
Poison Magic   | 1 |  1.5
Dodging        | 5 |  5.0
Stealth        | |  4.6
Air Magic      | |  5.6

Action                   |  1- 3 |  4- 6 || total
-------------------------+-------+-------++-------
Melee: Unarmed           |     8 |       ||     8
       Club              |       |     2 ||     2
       Dagger            |       |     2 ||     2
 Cast: Shock             |    47 |    34 ||    81
       Static Discharge  |       |     1 ||     1
Evoke: Wand              |       |     2 ||     2
  Use: Scroll            |       |     2 ||     2
       Potion            |       |     1 ||     1
 Stab: Sleeping          |     1 |     2 ||     3
Armor: Robe              |    11 |     5 ||    16
Dodge: Dodged            |    37 |    25 ||    62

Table legend:
 A = Turns spent in this place as a percentage of turns spent in the entire game.
 B = Non-inter-level travel turns spent in this place as a percentage of non-inter-level travel turns spent in the entire game.
 C = Inter-level travel turns spent in this place as a percentage of turns spent in this place.
 D = Turns resting spent in this place as a percentage of non-inter-level travel turns spent in this place.
 E = Turns spent auto-exploring this place as a percentage of non-inter-level travel turns spent in this place.
 F = Non-inter-level travel turns spent in this place divided by the number of levels of this place that you've seen.
                   A       B       C       D       E      F
               +-------+-------+-------+-------+-------+----------------------
         Total | 100.0 | 100.0 |   2.2 |   0.4 |   0.0 | 164.8
       Dungeon | 100.0 | 100.0 |   2.2 |   0.4 |   0.0 | 164.8
               +-------+-------+-------+-------+-------+----------------------

Table legend:
 A = Kills in this place as a percentage of kills in entire the game.
 B = Kills by you in this place as a percentage of kills by you in the entire game.
 C = Kills by friends in this place as a percentage of kills by friends in the entire game.
 D = Other kills in this place as a percentage of other kills in the entire game.
 E = Experience gained in this place as a percentage of experience gained in the entire game.
 F = Experience gained in this place divided by the number of levels of this place that you have seen.
                   A       B       C       D       E      F
               +-------+-------+-------+-------+-------+----------------------
         Total | 100.0 | 100.0 |   N/A |   N/A | 100.0 |  73.5
       Dungeon | 100.0 | 100.0 |   N/A |   N/A | 100.0 |  73.5
               +-------+-------+-------+-------+-------+----------------------

Vault maps used:
D:1:      dpeg_arrival_orchard
D:2:      grunt_decor_one_mirror
D:3:      nicolae_overflow_crystal_walls, grunt_decor_resistance,
          nrook_mini_vaults
D:4:      first_ration, uniq_grinder, uniq_pikel, uniq_menkaure
D:5:      uniq_sigmund
D:6:      nicolae_overflow_quartered_altars, minmay_temple_entry_overgrown,
          uniq_blork_the_orc
